 Dungeon Crawl Stone Soup version 0.26.0-10-g1f06aea511 (webtiles) character file.

Game seed: 6680605947062198829

53167 inc the Spry (level 14, -4/73 HPs)
             Began as a Felid Venom Mage on Feb 3, 2021.
             Was a Plaything of Xom.
             Blown up by an eye of devastation (44 damage)
             ... with a bolt of energy
             ... on level 1 of the Lair of Beasts.
             The game lasted 02:22:55 (46952 turns).

inc the Spry (Felid Venom Mage)                    Turns: 46952, Time: 02:22:55

Health: -4/73      AC: 11    Str:  8      XL:     14   Next: 29%
Magic:  3/26       EV: 30    Int: 18 (22) God:    Xom [..*...]
Gold:   3000       SH:  4    Dex: 13 (16) Spells: 7/28 levels left
                                        Lives:  0   Deaths: 4

rFire    . . .     SeeInvis +     - Unarmed
rCold    + + +     Faith    .   (shield unavailable)
rNeg     . . .     Spirit   .   (armour unavailable)
rPois    +         Reflect  .   (helmet unavailable)
rElec    .         Harm     .   (cloak unavailable)
rCorr    .         Rampage  .   (gloves unavailable)
Will     ++++.     Clarity  +   (boots unavailable)
Stlth    ++........             V - amulet of regeneration
HPRegen  0.62/turn              t - +4 ring of protection
MPRegen  0.20/turn              M - ring "Ystigou" {Ice *Drain rPois Will++ Str+4}

@: quick
A: very small, no armour, no weapons or thrown items, stealth, claws 1, fangs 3,
horns 1, iridescent scales 1, large bone plates 1, thin metallic scales 1, see
invisible, blink, clarity, cold resistance 1, deterioration 1, fire resistance
1, speed 1, shaggy fur 3, MP-powered wands, sharp paws
a: Blink, Renounce Religion


You were on level 1 of the Lair of Beasts.
You worshipped Xom.
You were a toy of Xom.
You visited 5 branches of the dungeon, and saw 26 of its levels.
You visited the Abyss 1 time.
You also visited: Ossuary and Ice Cave.

You collected 3152 gold pieces.
You spent 152 gold pieces at shops.

Inventory:

Jewellery
 m - an uncursed ring of poison resistance {unknown}
 o - the ring "Zoagetie" {rC+ rN+ Int+3}
   (You found it on level 4 of the Dungeon)

   [ring of protection from cold]

   It affects your intelligence (+3).
   It protects you from cold.
   It protects you from negative energy.
 t - a +4 ring of protection (left paw)
 u - an uncursed ring of resist corrosion
 G - an uncursed ring of wizardry
 I - an uncursed ring of positive energy
 K - the amulet of Tiarecin {Faith Dex+4}
   (You found it in an ice cave)

   [amulet of faith]

   It allows you to gain divine favour quickly.
   It affects your dexterity (+4).
 L - an uncursed ring of see invisible
 M - the ring "Ystigou" (right paw) {Ice *Drain rPois Will++ Str+4}
   (You acquired it on level 1 of the Lair of Beasts)

   [ring of ice]

   It enhances your ice magic.
   It affects your strength (+4).
   It makes you vulnerable to fire.
   It protects you from cold.
   It protects you from poison.
   It affects your willpower, your defense against some magical effects.
   It causes draining when unequipped.
 P - an uncursed amulet of magic regeneration
 U - an uncursed ring of positive energy
 V - an amulet of regeneration (around neck)
Wands
 n - a wand of digging (6)
 q - a wand of polymorph (21)
 z - a wand of iceblast (11)
 J - a wand of random effects (37)
 N - a wand of flame (28)
 S - a wand of acid (16)
 T - a wand of disintegration (12)
Scrolls
 a - 5 scrolls of amnesia
 d - 7 scrolls of remove curse
 e - a scroll of enchant weapon
 f - 5 scrolls of magic mapping
 h - 2 scrolls of immolation
 l - 2 scrolls of teleportation
 p - a scroll of brand weapon
 r - 3 scrolls of noise
 s - 4 scrolls of enchant armour
 w - 3 scrolls of random uselessness
 x - a scroll of summoning
 y - 2 scrolls of fog
 B - a scroll of holy word
 Q - 2 scrolls of silence
 R - a scroll of fear
 W - a scroll of identify
Potions
 b - 8 potions of curing
 c - 2 potions of mutation
 g - 5 potions of lignification
 i - 3 potions of attraction
 j - 4 potions of brilliance
 k - 2 potions of resistance
 A - 3 potions of might
 E - 4 potions of haste
 F - 4 potions of degeneration
 H - 4 potions of flight
 O - a potion of berserk rage
Miscellaneous
 v - a lightning rod (4/4)


   Skills:
 - Level 15.1 Fighting
 - Level 16.9 Dodging
 - Level 2.6 Stealth
 - Level 6.0 Unarmed Combat
 - Level 7.6 Spellcasting
 - Level 3.2 Conjurations
 - Level 4.4 Translocations
 + Level 7.2 Transmutations
 - Level 3.7 Fire Magic
 - Level 0.1 Air Magic
 + Level 4.3 Earth Magic
 - Level 7.8 Poison Magic
 - Level 12.5 Evocations


You had 7 spell levels left.
You knew the following spells:

 Your Spells              Type           Power        Failure   Level
a - Sting                 Tmut/Pois      100%         1%          1
b - Poisonous Vapours     Pois/Air       42%          3%          2
c - Olgreb's Toxic Radia  Pois           35%          4%          4
d - Ignite Poison         Fire/Tmut/Pois 29%          2%          3
e - Mephitic Cloud        Conj/Pois/Air  20%          7%          3
f - Blink                 Tloc           N/A          2%          2
g - Statue Form           Tmut/Erth      18%          82%         6

Your spell library contained the following spells:

 Spells                   Type           Power        Failure   Level
 Apportation              Tloc           44%          1%          1
 Beastly Appendage        Tmut           66%          1%          1
 Wereblood                Tmut           33%          1%          2
 Spider Form              Tmut/Pois      17%          1%          3
 Magic Dart               Conj           72%          2%          1
 Conjure Flame            Conj/Fire      19%          8%          3
 Animate Skeleton         Necr           12%          11%         1
 Corona                   Hex            6%           11%         1
 Freeze                   Ice            40%          11%         1
 Summon Small Mammal      Summ           24%          11%         1
 Blade Hands              Tmut           16%          14%         5
 Call Imp                 Summ           6%           16%         2
 Slow                     Hex            6%           16%         2
 Ice Form                 Ice/Tmut       29%          22%         4
 Frozen Ramparts          Ice            20%          30%         3
 Ozocubu's Armour         Ice            10%          30%         3
 Leda's Liquefaction      Hex/Erth       7%           38%         4
 Hailstorm                Conj/Ice       19%          45%         4
 Bolt of Magma            Conj/Fire/Erth 10%          52%         5
 Summon Ice Beast         Ice/Summ       10%          71%         4
 Iron Shot                Conj/Erth      10%          97%         6
 Shatter                  Erth           11%          100%        9


Dungeon Overview and Level Annotations

Branches:
Dungeon (14/15)            Temple (1/1) D:4            Lair (6/6) D:8
 Shoals (3/4) Lair:2        Snake (0/4) Lair:2        Slime (0/5) Lair:5
    Orc (2/2) D:10            Elf (0/3) Orc:2        Vaults (0/5) D:13
Ossuary (visited)           IceCv (visited)

Altars:
Ashenzari
Cheibriados
Dithmenos
Elyvilon
Fedhas
Gozag
Hepliaklqana
Kikubaaqudgha
Makhleb
Nemelex Xobeh
Okawaru
Qazlal
Ru
Sif Muna
Trog
Uskayaw
Vehumet
Wu Jian
Xom
Yredelemnul
Zin
The Shining One
Beogh
Jiyva

Shops:
D:5 !   Orc:2 (**!=

Portals:
Trove: D:12 (show abyssal rune of Zot)

Annotations:
Shoals:1 Kirke, Nikola
Shoals:2 Polyphemus
Shoals:3 Donald


Innate Abilities, Weirdness & Mutations

You cannot wear armour.
You are incapable of wielding weapons or throwing items.
Your paws allow you to move quietly. (Stealth)
You have sharp claws.
You have razor-sharp teeth.
You have supernaturally acute eyesight. (SInv)
You cover ground quickly.
Your thick and shaggy fur keeps you warm. (AC +3, rC+)
Your sharp claws are effective at attacking unaware monsters.
You have a pair of small horns on your head.
You are partially covered in iridescent scales. (AC +2)
You are partially covered in large bone plates. (SH +4)
You are partially covered in thin metallic scales. (AC +2)
You can translocate small distances at will.
You possess an exceptional clarity of mind.
Your flesh is cold resistant. (rC+)
Your body sometimes deteriorates upon taking damage.
Your flesh is heat resistant. (rF+)
You expend magic power (3 MP) to strengthen your wands.


Message History

Unknown command.
Casting: Olgreb's Toxic Radiance (dangerous; 4% risk of failure)
Confirm with . or Enter, or press ? or * to list all spells.
You ignite the poison in your surroundings!
The eye of devastation seems to burn from within!
The eye of devastation is severely wounded.
The eye of devastation is poisoned.
Your toxic aura wanes.
The eye of devastation gazes at you. The bolt of energy hits you!!
Casting: Ignite Poison (mildly dangerous; 2% risk of failure)
Confirm with . or Enter, or press ? or * to list all spells.
You ignite the poison in your surroundings!
The eye of devastation seems to burn from within!
The eye of devastation is almost dead.
The eye of devastation gazes at you. The bolt of energy hits you!!!
Ouch! That really hurt!
You die...
Xom howls with laughter!

[.#.############.....[...#.......
#...# ##.....#...#.....## #.#.#
#......#...).....# ....#
#......#####.....# .##.#
##...............## ....#
##..#####........P# ....#
#..#....+........## ....#
##......#........## ....# ######
##@#....#..........
....####P##P###..#....+..........
..................#####.#P.P.....
................................#
###.............G##.#...........#
..#.....######+..#......####....#
..#....#.......#.##..##.#.......#
...............#.##.###.##.#....#
..#....#.........#.##......#....#


You could see an eye of devastation.

Vanquished Creatures
  A frost giant (Orc:2)
  3 merfolk impalers
  Harold (D:11)
  7 hydras
  2 ice dragons (IceCv)
  An alligator snapping turtle (Shoals:3)
  4 two-headed ogres
  A queen ant (shapeshifter) (D:13)
  2 catoblepae (Lair:6)
  4 death yaks
  4 orc high priests (Orc:2)
  A deep elf knight (Orc:2)
  A shadow wraith (D:13)
  3 sea snakes
  An unseen horror (D:11)
  A lindwurm (Lair:6)
  Pikel (D:4)
  A wizard (D:12)
  A swamp dragon (Lair:6)
  2 harpies (Shoals:1)
  4 orc knights (Orc:2)
  3 deep elf magi (Orc:2)
  2 ugly things (D:11)
  6 manticores
  5 orc sorcerers (Orc:2)
  4 fauns
  8 elephants (Lair:6)
  6 black mambas
  Joseph (D:9)
  3 merfolk sirens
  2 ice statues (IceCv)
  3 water nymphs
  Maurice (D:12)
  A torpor snail (Lair:6)
  9 cane toads
  A rime drake (shapeshifter) (D:14)
  5 kobold demonologists
  4 komodo dragons
  2 centaur skeletons
  8 rime drakes
  9 merfolk
  5 trolls
  3 meliai (D:14)
  The ghost of IHuginn the Skirmisher, an amateur DsCK of Xom (D:5)
  A wind drake (Shoals:1)
  28 blink frogs
  14 polar bears
  A snapping turtle (Shoals:1)
  2 raiju (Lair:6)
  7 dream sheep (Lair:6)
  A spriggan (shapeshifter) (D:13)
  A spriggan (Lair:3)
  2 vampires
  A hog (Lair:2)
  7 wyverns
  A steam dragon (Lair:4)
  3 wraiths
  47 yaks
  3 vampire mosquitoes (D:13)
  6 basilisks
  8 wargs
  Edmund (D:3)
  26 water moccasins
  13 hell hounds (Lair:6)
  29 orc warriors
  2 sky beasts
  A phantom (D:13)
  18 black bears
  16 ice beasts
  8 necrophages
  15 ogres
  An eye of draining (D:12)
  7 centaurs
  41 wolves
  4 lemures
  3 big kobolds
  18 bullfrogs
  A wyvern zombie (D:12)
  4 scorpions
  2 wights (D:8)
  6 killer bees (D:11)
  2 electric eels
  5 vampire bats
  7 howler monkeys
  A centaur zombie (D:11)
  3 bullfrog zombies
  5 hounds
  6 jellies
  A bullfrog skeleton (D:11)
  20 orc priests
  An iron imp (D:7)
  28 orc wizards
  Ijyb (D:4)
  Jessica (D:3)
  15 worker ants
  4 iguanas
  11 hell rats
  An ogre zombie (D:4)
  A hound zombie (D:10)
  A hound skeleton (D:8)
  4 mummies
  Robin (D:2)
  A howler monkey skeleton (D:7)
  A river rat (D:10)
  13 adders
  A shadow imp (D:10)
  A white imp (D:5)
  2 ufetubi
  2 oozes
  2 adder zombies
  4 adder skeletons
  4 worms
  2 dart slugs (D:1)
  4 leopard geckos
  89 orcs
  2 ball pythons
  19 goblins
  5 hobgoblins
  10 jackals
  10 kobolds
  6 quokkas
  17 bats
  6 frilled lizards
  9 gnoll skeletons (Ossuary)
  7 kobold skeletons (Ossuary)
  A leopard gecko zombie (D:6)
  9 orc skeletons (Ossuary)
  A quokka skeleton (D:7)
  11 rats
845 creatures vanquished.

Vanquished Creatures (collateral kills)
  A hydra (Lair:6)
  A two-headed ogre (D:6)
  A death yak (Lair:6)
  An orc knight (Orc:2)
  A cane toad (Lair:3)
  A dream sheep (Lair:6)
  A spriggan (Lair:3)
  An orc warrior (Orc:2)
  A phantom (D:6)
  A bullfrog skeleton (D:4)
  An orc priest (Orc:2)
  3 orcs
14 creatures vanquished.

Vanquished Creatures (others)
  2 orc priests (Orc:2)
  An orc wizard (Orc:2)
  A hell rat (Lair:6)
  A leopard gecko (D:2)
  A goblin (D:2)
  44 fungi
  130 plants
  8 tentacles (Shoals:3)
  4 withered plants (D:8)
192 creatures vanquished.

Grand Total: 1051 creatures vanquished

Notes
Turn   | Place    | Note
-------+----------+-------------------------------------------
     0 | D:1      | inc the Felid Venom Mage began the quest for the Orb.
     0 | D:1      | Reached XP level 1. HP: 7/7 MP: 4/4
   125 | D:1      | Reached skill level 1 in Unarmed Combat
   152 | D:1      | Reached XP level 2. HP: 2/11 MP: 0/6
   430 | D:1      | Learned a level 2 spell: Poisonous Vapours
   846 | D:1      | Reached XP level 3. HP: 13/14 MP: 2/7
  1917 | D:2      | Reached XP level 4. HP: 15/18 MP: 3/8
  2354 | D:2      | Noticed Robin
  2366 | D:2      | Killed Robin
  3311 | D:3      | Reached XP level 5. HP: 21/21 MP: 6/9
  3708 | D:3      | Reached skill level 5 in Poison Magic
  4016 | D:3      | Noticed Jessica
  4019 | D:3      | Killed Jessica
  4540 | D:4      | Noticed a lemure
  4540 | D:4      | Noticed a lemure
  4541 | D:4      | Noticed Edmund
  4569 | D:4      | Noticed a lemure
  4569 | D:4      | Noticed Ijyb
  4569 | D:4      | Noticed Pikel
  4593 | D:4      | Noticed a lemure
  4598 | D:4      | Noticed an ogre
  4643 | D:3      | Killed a lemure
  4787 | D:3      | Killed an ogre
  4788 | D:3      | Gained mutation: You are covered in thick fur. (AC +2)
                  | [Felid growth]
  4788 | D:3      | Reached XP level 6. HP: 17/24 MP: 4/10
  5089 | D:3      | Killed Edmund
  5725 | D:5      | Entered Level 5 of the Dungeon
  5817 | D:4      | Reached XP level 7. HP: 27/27 MP: 1/11
  5933 | D:4      | Found a transporter.
  6508 | D:4      | Found a staircase to the Ecumenical Temple.
  6515 | Temple   | Entered the Ecumenical Temple
  6771 | Temple   | Became a worshipper of Xom the Random
  6821 | D:4      | XOM: potion effect (brilliance)
  6833 | D:4      | Found a sparkling altar of Nemelex Xobeh.
  6881 | D:4      | XOM: summons friendly ufetubus
  6901 | D:4      | Found a transporter.
  6923 | D:4      | Found a glowing golden altar of the Shining One.
  6950 | D:4      | XOM: blink monster(s)
  6957 | D:4      | Got a heavily runed lead ring
  6957 | D:4      | XOM: blink monster(s)
  7130 | D:4      | XOM: cast spell 'Dispersal'
  7134 | D:4      | Blown up by Pikel
  7135 | D:4      | Reached XP level 6. HP: -9/24 MP: 5/10
  7146 | D:4      | Killed Pikel
  7147 | D:4      | Reached skill level 5 in Fighting
  7147 | D:4      | Reached XP level 7. HP: 33/33 MP: 7/11
  7216 | D:5      | XOM: snakes to sticks
  7310 | D:5      | Found Anechups's Distillery.
  7427 | D:5      | Bought a potion of heal wounds for 55 gold pieces
  7443 | D:5      | Noticed a two-headed ogre
  7457 | D:5      | XOM: divination: detect creatures
  7465 | D:5      | Killed a two-headed ogre
  7466 | D:5      | Reached XP level 8. HP: 40/40 MP: 5/12
  7624 | D:5      | Found a runed translucent gate.
  7633 | D:5      | Found a blossoming altar of Fedhas.
  7639 | D:5      | XOM: summons 5 friendly demons
  7861 | D:5      | XOM: butterfly on damage
  7890 | D:5      | Learned a level 4 spell: Olgreb's Toxic Radiance
  8226 | D:5      | XOM: god gift: 15 sling bullets
  8520 | D:5      | Found a runed translucent gate.
  8522 | D:5      | Found a runed translucent gate.
  8523 | D:5      | Noticed IHuginn's ghost (amateur DsCK)
  8524 | D:5      | Identified the cursed +1 leather armour of the Mind {rC+
                  | Slay-2 SInv}
  8526 | D:5      | Found a roughly hewn altar of Beogh.
  8538 | D:5      | XOM: fog
  8585 | D:5      | Killed IHuginn's ghost
  9006 | D:6      | Noticed Sigmund
  9006 | D:6      | Noticed Sigmund
  9006 | D:6      | Sigmund changed into Sigmund the iguana
  9006 | D:6      | XOM: polymorph Sigmund -> Sigmund the iguana
  9008 | D:6      | XOM: fake destruction
  9015 | D:6      | Killed Sigmund the iguana
  9016 | D:6      | Reached skill level 1 in Evocations
  9020 | D:6      | Reached XP level 9. HP: 30/44 MP: 4/14
  9169 | D:6      | XOM: fake destruction
  9196 | D:6      | Learned a level 3 spell: Ignite Poison
  9282 | D:6      | XOM: give mutations
  9282 | D:6      | Gained mutation: You are dopey. (Int -2) [Xom's mischief]
  9282 | D:6      | Gained mutation: You expend magic power (3 MP) to
                  | strengthen your wands. [Xom's mischief]
  9282 | D:6      | Gained mutation: You tend to lose your temper in combat.
                  | [Xom's mischief]
  9282 | D:6      | Lost mutation: You expend magic power (3 MP) to strengthen
                  | your wands. [Xom's mischief]
  9338 | D:6      | XOM: polymorph hound -> adder
  9355 | D:6      | XOM: silly message
  9363 | D:6      | XOM: scenery: summon butterflies
  9413 | D:7      | XOM: summons 4 hostile shadow creatures
  9422 | D:6      | Noticed a two-headed ogre
  9431 | D:6      | XOM: scenery: summon butterflies
  9434 | D:6      | XOM: cast spell 'Monstrous Menagerie'
  9440 | D:6      | Killed a two-headed ogre
  9572 | D:6      | XOM: torment (23/44 hp)
 10158 | D:7      | XOM: silly message
 10288 | D:7      | XOM is BORED!
 10288 | D:7      | XOM: noise
 10398 | D:7      | Identified the ring "Zoagetie" {rC+ rN+ Int+3} (You found
                  | it on level 4 of the Dungeon)
 10431 | D:7      | XOM: summons 3 hostile demons
 10491 | D:7      | XOM: 2-stop teleportation journey
 10583 | D:7      | XOM: torment (26/44 hp)
 10744 | D:7      | XOM: summons 4 hostile demons
 10771 | D:8      | XOM: enchant monster (bad)
 10784 | D:8      | Learned a level 3 spell: Mephitic Cloud
 10829 | D:8      | XOM: silly message
 10891 | D:8      | Reached skill level 1 in Conjurations
 10936 | D:8      | Found a sand-covered staircase.
 10980 | Ossuary  | Entered an ossuary
 12342 | D:8      | XOM: 1-stop teleportation journey
 12612 | D:8      | Reached skill level 3 in Dodging
 12763 | D:7      | Found a snail-covered altar of Cheibriados.
 12959 | D:8      | XOM: summons 1 hostile demon
 13031 | D:8      | XOM: give mutations
 13031 | D:8      | Gained mutation: You are weak. (Str -2) [Xom's mischief]
 13031 | D:8      | Gained mutation: You are strong-willed. (Will+) [Xom's
                  | mischief]
 13031 | D:8      | Lost mutation: You are weak. (Str -2) [Xom's mischief]
 13106 | D:8      | XOM: enchant monster (bad)
 13257 | D:7      | Reached skill level 4 in Dodging
 13257 | D:7      | Reached XP level 10. HP: 48/48 MP: 10/15
 13282 | D:7      | XOM: summons 2 hostile shadow creatures
 13343 | D:7      | XOM is BORED!
 13819 | D:4      | Killed Ijyb
 14286 | D:8      | XOM: polymorph jackal -> quokka
 14402 | D:8      | XOM: swap monsters
 14405 | D:8      | Reached skill level 5 in Dodging
 14412 | D:8      | XOM: summons 3 friendly demons
 14421 | D:8      | Reached skill level 6 in Dodging
 14552 | D:8      | XOM: swap monsters
 14553 | D:8      | XOM: enchant monster (good)
 14711 | D:8      | Found a staircase to the Lair.
 14992 | D:8      | Found an ornate altar of the Wu Jian Council.
 15148 | D:8      | Reached skill level 7 in Dodging
 15161 | D:8      | XOM: 1-stop teleportation journey
 15411 | D:8      | XOM: enchant monster (good)
 15569 | D:9      | Noticed Joseph
 16045 | D:9      | XOM: 2-stop teleportation journey
 16207 | D:8      | Reached skill level 10 in Fighting
 16626 | D:9      | XOM: 6-stop teleportation journey
 16632 | D:9      | XOM: silly message
 16648 | D:9      | XOM: butterfly on damage
 16661 | D:9      | XOM: confusion
 16666 | D:9      | XOM: confusion (+ monsters)
 16712 | D:8      | XOM: stat loss: -1 Dex (15/16)
 16856 | D:9      | XOM: stat loss: -1 Dex (14/16)
 16948 | D:9      | XOM is BORED!
 16948 | D:9      | XOM: give mutations
 16948 | D:9      | Gained mutation: Your magical capacity is low. (-10% MP)
                  | [Xom's mischief]
 16948 | D:9      | Lost mutation: You are strong-willed. (Will+) [Xom's
                  | mischief]
 16948 | D:9      | Gained mutation: You are weak. (Str -2) [Xom's mischief]
 16948 | D:9      | Gained mutation: You are clumsy. (Dex -2) [Xom's mischief]
 16956 | D:9      | Killed Joseph
 17416 | D:10     | Entered Level 10 of the Dungeon
 17792 | D:10     | Reached skill level 5 in Spellcasting
 17906 | D:10     | XOM: 9-stop teleportation journey
 18081 | D:10     | XOM: enchant monster (bad)
 18106 | D:10     | XOM: god gift: scroll of random uselessness
 18194 | D:9      | Lost mutation: You are clumsy. (Dex -2) [potion of
                  | mutation]
 18194 | D:9      | Lost mutation: You are weak. (Str -2) [potion of mutation]
 18194 | D:9      | Lost mutation: You are dopey. (Int -2) [potion of mutation]
 18194 | D:9      | Lost mutation: You tend to lose your temper in combat.
                  | [potion of mutation]
 18194 | D:9      | Gained mutation: You are partially covered in slimy green
                  | scales. (AC +2) [potion of mutation]
 18194 | D:9      | Gained mutation: Your spells are a little harder to cast,
                  | but a little more powerful. [potion of mutation]
 18194 | D:9      | Gained mutation: You are somewhat resistant to further
                  | mutation. [potion of mutation]
 18341 | D:10     | XOM: polymorph adder -> river rat
 18451 | D:10     | XOM: enchant monster (bad)
 18621 | D:10     | XOM: give mutations
 18621 | D:10     | Gained mutation: Your body sometimes deteriorates upon
                  | taking damage. [Xom's mischief]
 18621 | D:10     | Lost mutation: Your magical capacity is low. (-10% MP)
                  | [Xom's mischief]
 18666 | D:10     | XOM: 1-stop teleportation journey
 18834 | D:10     | Reached XP level 11. HP: 45/54 MP: 20/20
 18838 | D:10     | XOM: give mutation
 19093 | D:10     | Found a staircase to the Orcish Mines.
 19116 | D:10     | XOM: 10-stop teleportation journey
 19509 | D:10     | XOM: give mutations
 19509 | D:10     | Gained mutation: You are frail. (-10% HP) [Xom's mischief]
 19509 | D:10     | Gained mutation: You are dopey. (Int -2) [Xom's mischief]
 19509 | D:10     | Lost mutation: Your spells are a little harder to cast, but
                  | a little more powerful. [Xom's mischief]
 19535 | Orc:1    | Entered Level 1 of the Orcish Mines
 19820 | D:11     | Noticed a six-headed hydra
 19892 | D:10     | XOM: stat loss: -1 Str (3/4)
 19970 | D:11     | Noticed Harold
 19972 | D:11     | XOM: summons 6 hostile demons
 19985 | D:11     | XOM: summons 5 hostile demons
 20097 | D:11     | Found a white marble altar of Elyvilon.
 20098 | D:11     | Noticed a purple ugly thing
 20102 | D:11     | Noticed an unseen horror
 20110 | D:11     | XOM: repel stairs
 20112 | D:11     | Killed a purple ugly thing
 20117 | D:11     | XOM: summons 6 hostile demons
 20127 | D:11     | XOM: give mutations
 20127 | D:11     | Gained mutation: You are agile. (Dex +2) [Xom's mischief]
 20127 | D:11     | Lost mutation: Your body sometimes deteriorates upon taking
                  | damage. [Xom's mischief]
 20127 | D:11     | Gained mutation: Your body sometimes deteriorates upon
                  | taking damage. [Xom's mischief]
 20535 | Orc:1    | Found a roughly hewn altar of Beogh.
 20550 | Orc:1    | XOM: repel stairs
 20828 | Orc:1    | XOM: summons 2 hostile shadow creatures
 20930 | Orc:2    | Entered Level 2 of the Orcish Mines
 20933 | Orc:2    | XOM: polymorph ogre -> worker ant
 20934 | Orc:2    | Found a staircase to the Elven Halls.
 21004 | Orc:2    | Noticed an orc knight
 21014 | Orc:2    | Killed an orc knight
 21028 | Orc:2    | XOM: confusion
 21037 | Orc:2    | Found Fouteiw's Weapon Boutique.
 21037 | Orc:2    | XOM: repel stairs
 21481 | Orc:2    | Noticed a deep elf mage
 21489 | Orc:2    | XOM: chaos upgrade
 21495 | Orc:2    | Killed a deep elf mage
 21496 | Orc:2    | Reached skill level 5 in Evocations
 21620 | Orc:2    | Noticed a deep elf mage
 21621 | Orc:2    | XOM: cast spell 'Shadow Creatures'
 21629 | Orc:2    | Killed a deep elf mage
 21631 | Orc:2    | Noticed a deep elf knight
 21720 | Orc:2    | Killed a deep elf knight
 21813 | Orc:2    | Noticed a deep elf mage
 21818 | Orc:2    | Killed a deep elf mage
 21861 | Orc:2    | Noticed an orc sorcerer
 21922 | Orc:2    | Noticed an orc sorcerer
 21930 | Orc:2    | Killed an orc sorcerer
 22071 | Orc:2    | Identified the +4 chain mail of the Demon Prince {Rampage
                  | +Blink Stlth-}
 22071 | Orc:2    | Noticed an orc warlord
 22081 | Orc:2    | Noticed a frost giant
 22081 | Orc:2    | an orc warlord changed into a frost giant
 22081 | Orc:2    | XOM: polymorph orc warlord -> frost giant
 22178 | Orc:2    | Killed a frost giant
 22208 | Orc:1    | XOM: give mutations
 22208 | Orc:1    | Gained mutation: You are partially covered in thin metallic
                  | scales. (AC +2) [Xom's grace]
 22208 | Orc:1    | Lost mutation: You are dopey. (Int -2) [Xom's grace]
 22257 | Orc:2    | Killed an orc sorcerer
 22258 | Orc:2    | Gained mutation: Your thick and shaggy fur keeps you warm.
                  | (AC +3, rC+) [Felid growth]
 22258 | Orc:2    | Reached XP level 12. HP: 53/53 MP: 13/24
 22398 | Orc:2    | Noticed an orc high priest
 22403 | Orc:2    | Killed an orc high priest
 22521 | Orc:2    | XOM: scenery: create altars
 22619 | Orc:2    | XOM: give mutation
 22619 | Orc:2    | Gained mutation: You are weak. (Str -2) [Xom's mischief]
 22809 | Orc:2    | XOM: 5-stop teleportation journey
 22814 | Orc:2    | XOM: cast spell 'Summon Ice Beast'
 23057 | Orc:2    | Reached skill level 10 in Evocations
 23271 | Orc:2    | Noticed an orc high priest
 23274 | Orc:2    | XOM: summons 10 friendly demons
 23275 | Orc:2    | Killed an orc high priest
 23279 | Orc:2    | Noticed an orc high priest
 23280 | Orc:2    | Noticed an orc high priest
 23282 | Orc:2    | XOM: enchant monster (good)
 23283 | Orc:2    | Killed an orc high priest
 23286 | Orc:2    | XOM: enchant monster (good)
 23292 | Orc:2    | XOM: summons 3 friendly demons
 23421 | Orc:1    | XOM: cloud trail
 23567 | Orc:1    | XOM: scenery: create altars
 23575 | Orc:2    | Killed an orc high priest
 23693 | Orc:2    | XOM: torment (31/53 hp)
 24076 | Orc:2    | Found Vulos's Jewellery Boutique.
 24076 | Orc:2    | Found Seym's General Store.
 24078 | Orc:2    | Found Zeerehes's Distillery.
 24078 | Orc:2    | Found Yliom's General Store.
 24090 | Orc:2    | Bought a scroll of identify for 26 gold pieces
 24090 | Orc:2    | Bought a scroll of identify for 26 gold pieces
 24090 | Orc:2    | Bought a scroll of fear for 45 gold pieces
 24163 | Orc:2    | XOM is BORED!
 24163 | Orc:2    | XOM: summons 2 hostile shadow creatures
 24311 | Orc:1    | XOM: butterfly on damage
 24537 | Orc:1    | Lost mutation: You are agile. (Dex +2) [potion of mutation]
 24537 | Orc:1    | Lost mutation: You are frail. (-10% HP) [potion of
                  | mutation]
 24537 | Orc:1    | Lost mutation: Your body sometimes deteriorates upon taking
                  | damage. [potion of mutation]
 24537 | Orc:1    | Gained mutation: You are mostly covered in thin metallic
                  | scales. (AC +3) [potion of mutation]
 25192 | D:8      | XOM: noise
 25204 | Lair:1   | Entered Level 1 of the Lair of Beasts
 25204 | Lair:1   | Noticed an eight-headed hydra
 25206 | Lair:1   | XOM: cast spell 'Necromutation'
 25228 | Lair:1   | Found a frozen archway.
 25237 | IceCv    | Entered an ice cave
 25497 | IceCv    | XOM: swap monsters
 25502 | IceCv    | XOM: polymorph ice beast -> tengu
 25504 | IceCv    | XOM: polymorph tengu -> fire bat
 25509 | IceCv    | XOM: enchant monster (good)
 25856 | IceCv    | Reached skill level 8 in Dodging
 26033 | IceCv    | XOM: torment (34/60 hp)
 26174 | IceCv    | XOM: summons 12 friendly demons
 26425 | IceCv    | XOM: noise
 26489 | IceCv    | XOM: confusion (+ monsters)
 26787 | IceCv    | Noticed an ice dragon
 26788 | IceCv    | Noticed an ice dragon
 26842 | IceCv    | XOM: enchant monster (bad)
 26845 | IceCv    | Killed an ice dragon
 26894 | IceCv    | Killed from afar by an ice dragon
 26895 | IceCv    | Reached XP level 11. HP: -1/55 MP: 4/23
 26900 | IceCv    | Killed an ice dragon
 26901 | IceCv    | Reached skill level 9 in Dodging
 27105 | IceCv    | Got a faintly glowing graven amulet
 27119 | IceCv    | Identified the amulet of Tiarecin {Faith Dex+4} (You found
                  | it in an ice cave)
 27277 | Lair:1   | Reached XP level 12. HP: 53/60 MP: 18/24
 27280 | Lair:1   | XOM: destruction
 27283 | Lair:1   | XOM: swap monsters
 27327 | Lair:1   | XOM: cleaving
 27352 | Lair:1   | XOM: divination: detect items
 27438 | Lair:1   | XOM: 3-stop teleportation journey
 27453 | Lair:1   | XOM: scenery: 1 doors open
 27576 | Lair:1   | XOM: 2-stop teleportation journey
 27640 | Lair:1   | XOM: give mutation
 27640 | Lair:1   | Lost mutation: You are partially covered in slimy green
                  | scales. (AC +2) [Xom's mischief]
 27721 | Lair:1   | XOM: chaos cloud
 27725 | Lair:1   | Paralysed by you for 2 turns
 27830 | Lair:1   | XOM: 3-stop teleportation journey
 27983 | Lair:1   | Cast into level 2 of the Abyss (Xom)
 28055 | Abyss:2  | XOM: confusion (+ monsters)
 28057 | Abyss:2  | XOM: summons 11 friendly demons
 28087 | Lair:1   | Escaped the Abyss
 28166 | Lair:1   | XOM: chaos cloud
 28186 | Lair:1   | XOM: divination: detect items
 28195 | Lair:1   | XOM: potion effect (magic)
 28237 | Lair:1   | XOM: divination: magic mapping
 28282 | Lair:1   | XOM: potion effect (might)
 28284 | Lair:1   | XOM: enchant monster (bad)
 28287 | Lair:1   | XOM: potion effect (might)
 28292 | Lair:1   | XOM: potion effect (magic)
 28298 | Lair:1   | Slain by an eight-headed hydra
 28299 | Lair:1   | Reached XP level 11. HP: -1/56 MP: 23/23
 28299 | Lair:1   | XOM: divination: magic mapping
 28314 | Lair:2   | XOM: confuse monster(s)
 28317 | Lair:2   | Found a staircase to the Snake Pit.
 28326 | Lair:2   | XOM: god gift: potion of heal wounds
 28329 | Lair:2   | XOM: scenery: 1 doors open
 28332 | Lair:2   | Found a staircase to the Shoals.
 28333 | Lair:2   | XOM: snakes to sticks
 28349 | Lair:3   | XOM: draining
 28469 | Lair:3   | XOM: give mutation
 28469 | Lair:3   | Lost mutation: You are weak. (Str -2) [Xom's mischief]
 28545 | Lair:3   | XOM: draining
 28554 | Lair:3   | Noticed an eight-headed hydra
 28561 | Lair:3   | Reached skill level 10 in Dodging
 28564 | Lair:3   | XOM: enchant monster (bad)
 28615 | Lair:3   | XOM: chaos cloud
 28628 | Lair:3   | Noticed a four-headed hydra
 28678 | Lair:3   | XOM: silly message
 28679 | Lair:3   | XOM: blink monster(s)
 28682 | Lair:3   | XOM: summons 6 hostile demons
 28684 | Lair:3   | XOM: give mutations
 28684 | Lair:3   | Gained mutation: You are clumsy. (Dex -2) [Xom's mischief]
 28684 | Lair:3   | Gained mutation: Your body sometimes deteriorates upon
                  | taking damage. [Xom's mischief]
 28685 | Lair:3   | XOM: noise
 28691 | Lair:3   | XOM: fake destruction
 28702 | Lair:3   | XOM: scenery: summon butterflies
 28803 | Lair:3   | XOM: destruction
 28826 | Lair:3   | Killed a four-headed hydra
 28976 | Lair:4   | Reached skill level 11 in Dodging
 28995 | Lair:4   | XOM: god gift: scroll of teleportation
 29113 | Lair:3   | XOM: scenery: summon butterflies
 29274 | Lair:3   | XOM: 1-stop teleportation journey
 29374 | Lair:3   | Killed an eight-headed hydra
 29691 | Lair:3   | Noticed a four-headed hydra
 29698 | Lair:3   | Killed a four-headed hydra
 30009 | Lair:4   | Reached skill level 12 in Dodging
 30015 | Lair:4   | XOM: summons 3 friendly demons
 30021 | Lair:3   | XOM: cast spell 'Summon Mana Viper'
 30147 | Lair:4   | XOM: 5-stop teleportation journey
 30239 | Lair:4   | XOM: 1-stop teleportation journey
 30345 | Lair:4   | Reached XP level 12. HP: 46/60 MP: 18/24
 30478 | Lair:4   | XOM: swap monsters
 30481 | Lair:4   | Lost mutation: Your body sometimes deteriorates upon taking
                  | damage. [potion of mutation]
 30481 | Lair:4   | Lost mutation: You are clumsy. (Dex -2) [potion of
                  | mutation]
 30481 | Lair:4   | Lost mutation: You are somewhat resistant to further
                  | mutation. [potion of mutation]
 30481 | Lair:4   | Lost mutation: You are mostly covered in thin metallic
                  | scales. (AC +3) [potion of mutation]
 30481 | Lair:4   | Gained mutation: Your flesh is heat resistant. (rF+)
                  | [potion of mutation]
 30657 | Lair:4   | Reached skill level 13 in Dodging
 30717 | Lair:4   | Found an opulent altar of Gozag.
 31026 | Lair:5   | Found a staircase to the Slime Pits.
 31026 | Lair:5   | Found a viscous altar of Jiyva.
 31026 | Lair:5   | XOM: 3-stop teleportation journey
 31032 | Lair:5   | XOM: smoke on damage
 31228 | Lair:5   | XOM: summons 5 hostile demons
 31588 | Lair:5   | XOM: enchant monster (bad)
 31598 | Lair:5   | XOM: noise
 31602 | Lair:5   | XOM: scenery: create altars
 31613 | Lair:5   | Reached skill level 14 in Dodging
 31970 | Lair:5   | XOM: fog
 32312 | Lair:5   | XOM: noise
 32378 | Lair:5   | XOM: summons 1 hostile shadow creature
 32379 | Lair:5   | Noticed a death yak
 32379 | Lair:5   | Noticed a death yak
 32379 | Lair:5   | Noticed a death yak
 32379 | Lair:5   | Noticed a death yak
 32379 | Lair:5   | Noticed a death yak
 32379 | Lair:5   | Noticed a death yak
 32701 | Lair:6   | Entered Level 6 of the Lair of Beasts
 32706 | Lair:6   | XOM: confusion
 32713 | Lair:6   | Noticed an eight-headed hydra
 32722 | Lair:6   | Reached skill level 15 in Dodging
 32723 | Lair:6   | XOM: summons friendly crimson imp
 32724 | Lair:6   | XOM: confuse monster(s)
 32730 | Lair:6   | XOM: summons 12 friendly demons
 32885 | Lair:6   | XOM: confuse monster(s)
 32949 | Lair:6   | XOM: scenery: summon butterflies
 33042 | Lair:6   | Noticed a seven-headed hydra
 33043 | Lair:6   | Noticed a death yak
 33045 | Lair:6   | Noticed a death yak
 33052 | Lair:6   | XOM: enchant monster (good)
 33332 | Lair:6   | XOM: potion effect (curing)
 33340 | Lair:6   | XOM: summons friendly shadow imp
 33523 | Lair:6   | Reached skill level 16 in Dodging
 33523 | Lair:6   | Reached XP level 13. HP: 63/63 MP: 16/25
 33624 | Lair:6   | XOM: divination: magic mapping
 33766 | Lair:6   | XOM: confuse monster(s)
 33949 | Lair:6   | XOM: potion effect (might)
 34008 | Lair:6   | XOM: enchant monster (good)
 34022 | Lair:6   | XOM: polymorph cane toad -> blink frog
 34111 | Lair:6   | XOM: divination: detect items
 34148 | Lair:6   | XOM: butterfly on damage
 34188 | Lair:6   | XOM: divination: detect creatures
 34486 | Lair:6   | XOM: scenery: create altars
 34568 | Lair:6   | XOM is BORED!
 34568 | Lair:6   | XOM: torment (31/64 hp)
 34712 | Lair:6   | XOM: god gift: 20 gold pieces
 34780 | Lair:6   | XOM: repel stairs
 34886 | Lair:5   | XOM: give mutations
 34886 | Lair:5   | Gained mutation: Your body sometimes deteriorates upon
                  | taking damage. [Xom's mischief]
 34886 | Lair:5   | Gained mutation: You have a pair of small horns on your
                  | head. [Xom's mischief]
 35187 | Lair:2   | XOM: summons friendly quasit
 35589 | Lair:1   | Identified a scroll of acquirement
 35589 | Lair:1   | Acquired the ring "Ystigou" {Ice *Drain rPois Will++ Str+4}
 35927 | D:11     | Killed Harold
 36182 | D:11     | XOM: summons friendly iron imp
 36319 | D:11     | XOM: 2-stop teleportation journey
 36363 | D:11     | XOM: 9-stop teleportation journey
 36514 | D:11     | XOM: confuse monster(s)
 36784 | D:12     | Found a portal to a secret trove of treasure.
 36814 | D:12     | XOM: god gift: scale mail {god gift}
 36853 | D:12     | XOM: polymorph bullfrog -> jelly
 36947 | D:12     | HP: 2/66 [wraith (12)]
 36980 | D:11     | XOM: noise
 37217 | D:12     | XOM: potion effect (curing)
 37217 | D:12     | Noticed Maurice
 37234 | D:12     | Killed Maurice
 37415 | D:12     | XOM: divination: magic mapping
 37425 | D:12     | XOM: summons 2 friendly demons
 37427 | D:12     | XOM: polymorph crimson imp -> white imp
 37477 | D:12     | XOM: god gift: potion of attraction
 38445 | D:13     | Found a gate to the Vaults.
 38619 | D:13     | XOM: cloud trail
 39081 | D:14     | Noticed a fire dragon
 39129 | D:13     | XOM: give mutations
 39129 | D:13     | Gained mutation: You possess an exceptional clarity of
                  | mind. [Xom's grace]
 39129 | D:13     | Gained mutation: Your spells are a little harder to cast,
                  | but a little more powerful. [Xom's grace]
 39129 | D:13     | Gained mutation: You are partially covered in large bone
                  | plates. (SH +4) [Xom's grace]
 39132 | D:13     | XOM: scenery: create altars
 39140 | D:13     | Learned a level 2 spell: Blink
 39302 | D:13     | Reached skill level 1 in Translocations
 39550 | D:14     | XOM: potion effect (haste)
 39611 | D:14     | Reached XP level 14. HP: 61/72 MP: 16/26
 39649 | D:14     | XOM: 3-stop teleportation journey
 39714 | D:14     | XOM: scenery: create altars
 39789 | D:14     | XOM: summons 2 friendly demons
 39886 | D:14     | XOM: fog
 39898 | D:14     | XOM: butterfly on damage
 39899 | D:14     | XOM: scenery: create altars
 39903 | D:14     | HP: 3/72 [cyclops/large rock (22)]
 39948 | D:13     | XOM: give mutations
 39948 | D:13     | Gained mutation: You are partially covered in iridescent
                  | scales. (AC +2) [Xom's grace]
 39948 | D:13     | Gained mutation: You are agile. (Dex +2) [Xom's grace]
 39948 | D:13     | Gained mutation: Your flesh is cold resistant. (rC+) [Xom's
                  | grace]
 39956 | D:13     | XOM: 1-stop teleportation journey
 40509 | Lair:3   | XOM: confuse monster(s)
 41025 | Lair:2   | XOM: potion effect (haste)
 41182 | Lair:2   | XOM: god gift: 19 stones
 41906 | Lair:6   | XOM: summons 3 friendly demons
 41908 | Lair:6   | XOM: silly message
 42041 | Lair:6   | XOM: give mutation
 42050 | Lair:6   | XOM: potion effect (invisibility)
 42103 | Lair:6   | Reached skill level 15 in Fighting
 42376 | Lair:6   | XOM: summons 1 hostile shadow creature
 42543 | Lair:6   | XOM: potion effect (haste)
 42773 | Lair:6   | XOM: enchant monster (good)
 42913 | Lair:6   | XOM: summons friendly crimson imp
 42939 | Lair:6   | XOM: cast spell 'Summon Dragon'
 43129 | Lair:6   | XOM: cast spell 'Cause Fear'
 43139 | Lair:6   | Reached skill level 5 in Unarmed Combat
 43402 | Lair:6   | XOM: confuse monster(s)
 43408 | Lair:6   | XOM: blink monster(s)
 43614 | Lair:6   | XOM: divination: magic mapping
 43674 | Lair:6   | XOM: noise
 43682 | Lair:6   | XOM: potion effect (might)
 43741 | Lair:6   | XOM: god gift: plate armour {god gift}
 43872 | Lair:6   | XOM: smoke on damage
 44070 | Lair:6   | XOM: divination: magic mapping
 44360 | Lair:6   | XOM: divination: detect creatures
 44470 | Lair:6   | XOM: give mutations
 44470 | Lair:6   | Gained mutation: You can translocate small distances at
                  | will. [Xom's grace]
 44470 | Lair:6   | Gained mutation: You expend magic power (3 MP) to
                  | strengthen your wands. [Xom's grace]
 44470 | Lair:6   | Gained mutation: Your mind is acute. (Int +2) [Xom's grace]
 44470 | Lair:6   | Gained mutation: You are robust. (+10% HP) [Xom's grace]
 44597 | Lair:6   | XOM: god gift: shiny buckler {god gift}
 44629 | Lair:6   | XOM: polymorph warg -> manticore
 44634 | Lair:6   | XOM: polymorph manticore -> swamp dragon
 44844 | Shoals:1 | Entered Level 1 of the Shoals
 44856 | Shoals:1 | Noticed Nikola
 44862 | Shoals:1 | Nikola changed into Nikola the glowing shapeshifter
 44862 | Shoals:1 | XOM: polymorph Nikola -> Nikola the glowing shapeshifter
 44862 | Shoals:1 | XOM: smoke on damage
 44993 | Shoals:1 | XOM: 1-stop teleportation journey
 45082 | Shoals:1 | Learned a level 6 spell: Statue Form
 45272 | Shoals:2 | Reached skill level 5 in Transmutations
 45272 | Shoals:2 | Reached skill level 1 in Earth Magic
 45390 | Shoals:2 | Noticed Polyphemus
 45398 | Shoals:2 | XOM: noise
 45406 | Shoals:2 | XOM: 1-stop teleportation journey
 45409 | Shoals:2 | XOM: butterfly on damage
 45412 | Shoals:2 | HP: 2/80 [merfolk impaler/+0 trident (12)]
 45416 | Shoals:2 | XOM: enchant monster (bad)
 45454 | Shoals:3 | Mangled by an alligator snapping turtle
 45455 | Shoals:3 | Reached XP level 13. HP: -7/75 MP: 15/25
 45478 | Shoals:3 | Noticed a merfolk impaler
 45482 | Shoals:3 | Noticed a kraken
 45482 | Shoals:3 | Noticed a kraken
 45496 | Shoals:3 | Reached XP level 14. HP: 80/80 MP: 13/26
 45685 | Shoals:3 | XOM: stat loss: -1 Int (23/24)
 45688 | Shoals:3 | XOM: noise
 45697 | Shoals:3 | XOM: butterfly on damage
 45712 | Shoals:3 | XOM: stat loss: -1 Dex (17/18)
 45812 | Shoals:3 | XOM: give mutations
 45812 | Shoals:3 | Lost mutation: Your spells are a little harder to cast, but
                  | a little more powerful. [Xom's mischief]
 45812 | Shoals:3 | Lost mutation: Your mind is acute. (Int +2) [Xom's
                  | mischief]
 45812 | Shoals:3 | Lost mutation: You are agile. (Dex +2) [Xom's mischief]
 45812 | Shoals:3 | Lost mutation: You are robust. (+10% HP) [Xom's mischief]
 45843 | Shoals:3 | XOM: chaos cloud
 46102 | Shoals:3 | Noticed Donald
 46217 | Shoals:3 | XOM: enchant monster (bad)
 46471 | Shoals:2 | XOM: summons 3 hostile shadow creatures
 46632 | Shoals:1 | Noticed Kirke
 46633 | Shoals:1 | XOM: confuse monster(s)
 46925 | Lair:1   | XOM: divination: detect items
 46947 | Lair:1   | XOM: polymorph eight-headed hydra -> eye of devastation
 46952 | Lair:1   | Blown up by an eye of devastation

Illustrated notes

Levels and vault maps discovered:
D:1:      mrwooster_arrival_statue_2, layout_basic, serial_park_tiny_2
D:2:      layout_basic, st_stairs_7, lemuel_old_faithful, uniq_robin
D:3:      layout_loops_cross, uniq_jessica
D:4:      gammafunk_cloud_chamber, layout_cave_pools, kennysheep_mini,
          overflow_temple_1_default, minmay_temple_entry_hall, uniq_pikel,
          uniq_edmund, uniq_ijyb
D:5:      layout_loops_ring, serial_shops, shop_statue,
          biasface_ghost_orc_armoury, nrook_mini_vaults, fedhas_ov_isle_minmay
D:6:      layout_rooms, kennysheep_big_empty_room, uniq_sigmund
D:7:      layout_basic, slow_altar_2
D:8:      layout_basic, lemuel_doored_altar, david_lair_generic, serial_undead,
          serial_undead_d, serial_undead_d, serial_undead_d, serial_undead_f,
          serial_undead_b, serial_undead_f, chequers_ossuary_entry_cave
D:9:      layout_basic, uniq_joseph
D:10:     layout_roguey, david_orc_4
D:11:     layout_small_grid, enter_bailey_3, elyvilon_altar_5, uniq_harold
D:12:     layout_rooms, nicolae_trove_entry_columns, uniq_maurice
D:13:     layout_loops_ring, david_vaults_4
D:14:     layout_roguey, minmay_splitting_lines
Temple:   compressed_dpeg_circular_temple
Lair:1:   layout_chaotic_city, portal_ice_cave_entry_pillars_2,
          beast_lair_carwin_5
Lair:2:   layout_roguey, shoals_dummy_entry, minmay_snake_entry_six_corridors
Lair:3:   layout_misc_corridors, forest_entry_grove
Lair:4:   layout_misc_corridors, basic_altar, nicolae_quartered_pool_medium,
          grunt_megastairs_2
Lair:5:   layout_regular_city, slime_altar_1, cheibrodos_lair_reptile_den
Lair:6:   hangedman_lair_caniforms_friends, layout_regular_city,
          hangedman_lair_in_review, gammafunk_lair_bear_cave
Shoals:1: layout_shoals, ebering_ghost_inner_flame, uniq_kirke, uniq_nikola
Shoals:2: layout_shoals, uniq_roxanne, uniq_polyphemus
Shoals:3: layout_shoals, nicolae_shoals_kraken_party, uniq_donald
Orc:1:    layout_caves, roderic_batcave, mines1_david
Orc:2:    grunt_orc_tribal_feast, layout_caves, serial_shops, shop, elf_legates

Skill      XL: |  1  2  3  4  5  6  7  8  9 10 11 12 13 14 |
---------------+-------------------------------------------+-----
Unarmed Combat | 1 6 |  6.0
Poison Magic   | 3 4 6 7 |  7.8
Fighting       | 5 8 10 11 14 15 | 15.1
Spellcasting   | 3 5 7 |  7.6
Evocations     | 1 3 9 12 | 12.5
Transmutations | 4 7 |  7.2
Fire Magic     | 3 |  3.7
Conjurations   | 3 |  3.2
Dodging        | 4 7 12 16 | 16.9
Translocations | 3 4 |  4.4
Earth Magic    | 4 |  4.3
Stealth        | |  2.6
Air Magic      | |  0.1

Action                   |  1- 3 |  4- 6 |  7- 9 | 10-12 | 13-15 || total
-------------------------+-------+-------+-------+-------+-------++-------
Melee: Unarmed           |     4 |    16 |   133 |   323 |   356 ||   832
       Bite              |       |     2 |     9 |    40 |    40 ||    91
       Punch             |       |       |     1 |     2 |     5 ||     8
       Headbutt          |       |       |       |       |    68 ||    68
 Cast: Sting             |    37 |    84 |    70 |   203 |   217 ||   611
       Poisonous Vapours |    26 |    49 |    52 |   129 |    33 ||   289
       Olgreb's Toxic Ra |       |       |    11 |   130 |   171 ||   312
       Mephitic Cloud    |       |       |    29 |    56 |    64 ||   149
       Ignite Poison     |       |       |    21 |   179 |   188 ||   388
Evoke: Wand              |       |       |     8 |     9 |       ||    17
       Lightning rod     |       |       |       |     7 |     4 ||    11
  Use: Potion            |       |     1 |     2 |    14 |     8 ||    25
       Scroll            |       |       |    11 |     9 |    22 ||    42
 Stab: Sleeping          |     1 |     1 |     2 |     3 |     4 ||    11
       Confused          |       |       |       |     2 |     8 ||    10
       Distracted        |       |       |       |     1 |     1 ||     2
Armor: Skin              |     1 |     2 |    15 |   103 |    66 ||   187
Dodge: Dodged            |    32 |    69 |   184 |   967 |  1012 ||  2264
Block: Other             |       |       |       |       |    94 ||    94
